 Dungeon Crawl Stone Soup version 0.22-a0-570-g58866f5 (webtiles) character file.

441 vierth the Chopper (level 6, -5/56 HPs)
             Began as a Minotaur Fighter on June 29, 2018.
             Slain by Pikel
             ... wielding a +2 whip of flaming
              (7 damage)
             ... on level 4 of the Dungeon on June 30, 2018.
             The game lasted 00:07:03 (2450 turns).

vierth the Chopper (Minotaur Fighter)               Turns: 2450, Time: 00:07:03

Health: -5/56      AC:  9    Str: 22    XL:     6   Next: 71%
Magic:  5/5        EV:  7    Int:  5    God:
Gold:   112        SH: 10    Dex: 10    Spells: 5/5 levels left

rFire    . . .     SeeInvis .   a - +0 war axe
rCold    . . .     Gourm    .   c - +0 shield
rNeg     + . .     Faith    .   k - +2 scale mail {rN+}
rPois    .         Spirit   .   (helmet restricted)
rElec    .         Reflect  .   (no cloak)
rCorr    +         Harm     .   (no gloves)
MR       .....                  (no boots)
Stlth    ..........             (no amulet)
HPRegen  0.18/turn              (no ring)
MPRegen  0.09/turn              i - ring of resist corrosion

@: no status effects
A: retaliatory headbutt, horns 2
a: no special abilities


You were on level 4 of the Dungeon.
You were not hungry.

You visited 1 branch of the dungeon, and saw 4 of its levels.

You collected 112 gold pieces.

Inventory:

Hand Weapons
 a - a +0 war axe (weapon)
 t - a +1 mace of crushing
Armour
 c - a +0 shield (worn)
 k - a +2 scale mail of positive energy (worn)
Jewellery
 i - a ring of resist corrosion (right hand)
 w - a cursed ring of fire {unknown}
Scrolls
 e - 3 scrolls of teleportation {unknown}
 g - a scroll of remove curse
 h - 2 scrolls of blinking {unknown}
 j - 2 scrolls of identify {unknown}
 m - 2 scrolls of random uselessness {unknown}
 o - a scroll of fog {unknown}
 v - a scroll of immolation {unknown}
Potions
 b - a potion of haste {unknown}
 d - 3 potions of might
 l - a potion of berserk rage {unknown}
 n - a potion of heal wounds {unknown}
 p - 2 potions of resistance {unknown}
 q - a potion of brilliance {unknown}
 r - a potion of curing {unknown}
 s - a potion of magic {unknown}
 u - 2 potions of flight {unknown}
 x - a potion of degeneration {unknown}
Comestibles
 f - 7 rations


   Skills:
 + Level 5.2 Fighting
 * Level 5.8 Axes
 + Level 5.2 Armour
 + Level 5.2 Shields


You had 5 spell levels left.
You didn't know any spells.
Your spell library was empty.

Dungeon Overview and Level Annotations

Branches:
Dungeon (4/15)
 Temple: D:4-7

Altars:
Gozag

Portals:
Sewer: D:4

Annotations:
D:4 Pikel


Innate Abilities, Weirdness & Mutations

You reflexively headbutt those who attack you in melee.
You have a pair of horns on your head.


Message History

* * * LOW HITPOINT WARNING * * *
Pikel burns you.
* * * LOW HITPOINT WARNING * * *
You block the slave's attack. You block Pikel's attack.
You block the slave's attack.
Your shield and scale mail prevent you from hitting Pikel.
Your headbutt misses Pikel.
Pikel is severely wounded.
You slash the slave! x2
You kill the slave!
That felt strangely unrewarding.
Pikel hits you but does no damage.
You hit Pikel but do no damage.
Pikel is severely wounded.
You hit the slave. Pikel hits you but does no damage.
You block the slave's attack. x2
You hit Pikel but do no damage. Your headbutt misses Pikel.
Pikel is severely wounded.
You hit the slave but do no damage. You hit the slave.
Pikel hits you with a whip of flaming!
You die...

...≈≈≈≈≈≈≈≈≈...#
#.#≈≈≈≈≈≈≈#....
#...≈≈†≈≈K..#
#..#..≈#..#
#.......#
###..######.
#p.#....... ####
#K#....####
.....##@p....#
#...p##...#
##.........# #
#...........#
#####....#..#.##...#
......##...##.##...#
..........[...##...#
###<.####.....##
###...## #.###......


You could see Pikel and 3 slaves.

Vanquished Creatures
  A slave (D:4)
  A scorpion (D:2)
  3 wights (D:3)
  A howler monkey (D:3)
  2 orc priests (D:3)
  5 adders
  3 oozes
  6 worms
  2 dart slugs (D:2)
  3 leopard geckos
  10 orcs (D:3)
  6 giant cockroaches
  8 goblins
  8 hobgoblins
  2 jackals (D:4)
  A quokka (D:2)
  2 ball pythons
  5 bats
  7 frilled lizards
  5 kobolds
  11 rats
92 creatures vanquished.

Notes
Turn   | Place    | Note
-------+----------+-------------------------------------------
     0 | D:1      | vierth the Minotaur Fighter began the quest for the Orb.
     0 | D:1      | Reached XP level 1. HP: 19/19 MP: 0/0
    69 | D:1      | Reached XP level 2. HP: 20/27 MP: 1/1
   609 | D:1      | Reached XP level 3. HP: 33/33 MP: 2/2
   836 | D:2      | Found an opulent altar of Gozag.
   870 | D:2      | Reached XP level 4. HP: 40/40 MP: 3/3
  1146 | D:2      | Reached XP level 5. HP: 26/47 MP: 4/4
  1380 | D:2      | Upgraded the game from 0.22-a0-567-gff9aefc to 0.22-a0-570-g58866f5
  1669 | D:3      | Reached skill level 5 in Axes
  1669 | D:3      | Reached XP level 6. HP: 55/55 MP: 5/5
  1864 | D:3      | Reached skill level 5 in Fighting
  1864 | D:3      | Reached skill level 5 in Armour
  1864 | D:3      | Reached skill level 5 in Shields
  2409 | D:4      | Found a glowing drain.
  2414 | D:4      | Noticed a slave
  2416 | D:4      | Noticed Pikel
  2416 | D:4      | Noticed a slave
  2417 | D:4      | Noticed a slave
  2431 | D:4      | Noticed a slave
  2447 | D:4      | HP: 2/56 [Pikel/whip of flaming (7)]
  2448 | D:4      | Killed a slave
  2450 | D:4      | Slain by Pikel

Vault maps used:
D:1:      saegor_arrival_under_anarchy, serial_curves, eino_curves_04,
          eino_curves_03
D:2:      nicolae_gozag_cash_rules_everything_around_me
D:3:      first_ration
D:4:      cheibrodos_sewer_entry_drain, uniq_pikel

Skill      XL: |  1  2  3  4  5  6 |
---------------+-------------------+-----
Axes           | 3 4 5 |  5.8
Fighting       | 4 5 |  5.2
Armour         | 4 5 |  5.2
Shields        | 4 5 |  5.2

Action                   |  1- 3 |  4- 6 || total
-------------------------+-------+-------++-------
Melee: War axe           |    80 |   155 ||   235
       Headbutt          |     9 |    27 ||    36
       Mace              |       |     5 ||     5
  Use: Scroll            |     1 |       ||     1
  Eat: Ration            |       |     2 ||     2
       Chunk             |       |     1 ||     1
Armor: Scale mail        |    36 |    69 ||   105
Dodge: Dodged            |    22 |    45 ||    67
Block: Shield            |    42 |   124 ||   166

Table legend:
 A = Spawn XP
 B = Non-spawn XP
 C = Spawn XP percentage of total XP
 D = Spawn monster count
 E = Non-spawn monster count
 F = Spawn count percentage of total count
 G = Total turns spent on level
                    A         B        C        D         E        F      G
               +---------+---------+-------+---------+---------+-------+---------
         Total |       0 |     631 |   0.0 |       0 |      91 |   0.0 |  2450
               +---------+---------+-------+---------+---------+-------+---------
           D:1 |       0 |      41 |   0.0 |       0 |      22 |   0.0 |   624
           D:2 |       0 |     169 |   0.0 |       0 |      29 |   0.0 |   999
           D:3 |       0 |     404 |   0.0 |       0 |      34 |   0.0 |   741
           D:4 |       0 |      17 |   0.0 |       0 |       6 |   0.0 |    86
               +---------+---------+-------+---------+---------+-------+---------
